 Dungeon Crawl Stone Soup version 0.23-a0-819-g6debee6 (webtiles) character file.

38112 nikopol the Severer (level 13, -6/116 HPs)
             Began as a Minotaur Berserker on Jan 21, 2019.
             Was a High Priest of Trog.
             Mangled by a fire crab (9 damage)
             ... on level 6 of the Lair of Beasts on Jan 22, 2019.
             The game lasted 00:42:57 (17319 turns).

nikopol the Severer (Minotaur Berserker)           Turns: 17319, Time: 00:42:57

Health: -6/116     AC: 17    Str: 28    XL:     13   Next: 62%
Magic:  0/4        EV: 18    Int:  4    God:    Trog [*****.]
Gold:   1130       SH:  0    Dex: 13    Spells: 12/12 levels left

rFire    . . .     SeeInvis .   a - +6 battleaxe (antimagic)
rCold    . . .     Gourm    .   (shield currently unavailable)
rNeg     . . .     Faith    .   d - +3 ring mail of Monotheism {Str+4}
rPois    .         Spirit   +   (helmet restricted)
rElec    .         Reflect  .   K - +0 cloak
rCorr    .         Harm     .   f - +0 pair of gloves
MR       .....                  (no boots)
Stlth    +.........             G - amulet of guardian spirit
HPRegen  0.29/turn              n - +5 ring of protection
MPRegen  0.09/turn              v - +4 ring of evasion

@: berserk cooldown, slowed, very slow
A: retaliatory headbutt, horns 2
a: Berserk, Trog's Hand, Brothers in Arms, Renounce Religion


You were on level 6 of the Lair of Beasts.
You worshipped Trog.
Trog was extremely pleased with you.
You were near starving.

You visited 2 branches of the dungeon, and saw 15 of its levels.
You also visited: Sewer and Ice Cave.

You collected 1130 gold pieces.

Inventory:

Hand Weapons
 a - a +6 antimagic battleaxe (weapon)
 z - the +8 shortbow "Onefeqig" {flame, Stlth+}
   (Trog gifted it to you on level 3 of the Lair of Beasts)

   It causes projectiles fired from it to burn those they strike, causing extra
   injury to most foes and up to half again as much damage against particularly
   susceptible opponents.
   It makes you more stealthy.
 L - a +0 broad axe of flaming
 P - a +1 battleaxe of freezing
 R - a +0 shortbow
 S - a +6 longbow of freezing
Missiles
 k - 64 arrows
Armour
 d - the +3 ring mail of Monotheism (worn) {Str+4}
   (You found it on level 9 of the Dungeon)

   It affects your strength (+4).
 f - a +0 pair of gloves (worn)
 J - a +1 scale mail of fire resistance
 K - a +0 cloak (worn)
Jewellery
 n - a +5 ring of protection (left hand)
 o - an uncursed ring of protection from magic {unknown}
 v - a +4 ring of evasion (right hand)
 G - an amulet of guardian spirit (around neck)
 I - an uncursed ring of protection from cold {unknown}
 M - the ring of Vaetzau {rC+ rN+++ Int-2 Dex-3 SInv}
   (You found it in an ice cave)

   [ring of protection from cold]

   It affects your intelligence (-2).
   It affects your dexterity (-3).
   It protects you from cold.
   It renders you almost immune to negative energy.
   It lets you see invisible.
 V - an uncursed ring of protection from magic {unknown}
Wands
 B - a wand of iceblast (22)
 N - a wand of acid (12)
 O - a wand of scattershot (11)
Scrolls
 e - 4 scrolls of blinking {unknown}
 j - 4 scrolls of fear {unknown}
 l - 2 scrolls of identify
 m - 2 scrolls of magic mapping
 s - 4 scrolls of fog {unknown}
 t - a scroll of amnesia {unknown}
 u - 6 scrolls of teleportation
 y - a scroll of enchant weapon
 C - 7 scrolls of remove curse
 E - a scroll of acquirement {unknown}
 H - a scroll of torment {unknown}
 Q - a scroll of silence {unknown}
 T - a scroll of noise {unknown}
 U - a scroll of enchant armour {unknown}
Potions
 b - 3 potions of brilliance {unknown}
 g - 3 potions of curing
 h - a potion of mutation {unknown}
 i - a potion of experience {unknown}
 p - 4 potions of haste
 q - 2 potions of heal wounds {unknown}
 r - 3 potions of flight {unknown}
 w - 5 potions of agility
 x - 6 potions of degeneration {unknown}
 A - a potion of resistance {unknown}
 D - a potion of magic
 F - 2 potions of invisibility {unknown}
 W - a potion of lignification {unknown}
Comestibles
 c - 25 rations
 X - 5 chunks of flesh


   Skills:
 + Level 11.5 Fighting
 * Level 16.2 Axes
 * Level 14.6 Bows
 + Level 9.4 Armour
 + Level 6.3 Dodging
 + Level 1.5 Stealth


You had 12 spell levels left.
You didn't know any spells.
Your spell library was empty.

Dungeon Overview and Level Annotations

Branches:
Dungeon (9/15)             Temple (0/1) D:7            Lair (6/6) D:9
  Swamp (0/4) Lair:4       Spider (0/4) Lair:3        Slime (0/5) Lair:6
    Orc: D:9-12

Altars:
Ashenzari
Kikubaaqudgha
Makhleb
Okawaru
Qazlal
Vehumet
Wu Jian
Yredelemnul
The Shining One
Beogh

Annotations:
Lair:1 3 runed doors, Scuka's ghost, journeyman TrBe
Lair:4 Kirke


Innate Abilities, Weirdness & Mutations

You reflexively headbutt those who attack you in melee.
You have a pair of horns on your head.


Message History

* * * LOW HITPOINT WARNING * * *
You are engulfed in flames!
* * * LOW HITPOINT WARNING * * *
The fire crab barely misses you. You furiously retaliate!
You headbutt the fire crab. The fire crab claws you.
* * * LOW HITPOINT WARNING * * *
You are engulfed in flames!
* * * LOW HITPOINT WARNING * * *
You feel sick.
The blink frog croaks.
The blink frog blinks!
The yak gores your two-headed ogre!
Your two-headed ogre hits the fire crab with a +0 dire flail.
Your two-headed ogre hits the fire crab with a +0 giant club!
Found 16 stones.
You feel better.
The blink frog hits you but does no damage.
The fire crab bites you!
* * * LOW HITPOINT WARNING * * *
You are engulfed in flames!
You die...

...........................
......#P......°>...........
...P..###F.......†.........
...PP# ##.#.....÷##.......
..$$P. ###F.#.Y..###.......
...P...#.†..#Y...#.#.......
.....|..(#..O..............
.....(.Ft##.............
.......@#####.%........
(........# .#.....
#........# # ..P..
.........# #.........
##......... ##........
#.........


You could see a fire crab, 2 yaks, 3 blink frogs and a friendly two-headed ogre
(berserk).

Vanquished Creatures
  Rupert (Lair:3)
  A frost giant (IceCv)
  3 hydras
  Erica (D:9)
  Harold (D:8)
  A death yak (IceCv)
  Pikel (D:9)
  4 black mambas
  An ice statue (IceCv)
  11 spiny frogs
  4 komodo dragons
  A jumping spider (Lair:3)
  19 polar bears
  6 slime creatures
  A hornet (Lair:3)
  13 blink frogs
  4 hippogriffs
  2 redbacks (Lair:3)
  3 spriggans (Lair:1)
  A wyvern (D:9)
  38 yaks
  4 hogs (Lair:4)
  2 hungry ghosts
  4 basilisks
  11 porcupines
  12 water moccasins
  Purgy (Sewer)
  A black bear (Lair:1)
  2 orc warriors
  2 sky beasts (D:6)
  2 ice beasts
  21 wolves
  2 phantoms
  6 ogres
  15 crocodiles
  A centaur (D:6)
  3 big kobolds
  12 bullfrogs
  A scorpion (D:9)
  3 electric eels (Lair:4)
  2 bullfrog zombies
  2 crimson imps (D:6)
  A centaur zombie (D:5)
  2 jellies (Lair:6)
  A quasit (D:7)
  3 hounds
  2 orc priests
  10 orc wizards
  3 bullfrog skeletons
  Ijyb (D:4)
  4 worker ants
  The ghost of ThereIsNoGod the Chopper, a weakling DDFi (D:5)
  4 gnolls (D:4)
  5 adders
  A howler monkey skeleton (D:7)
  A river rat (D:5)
  3 shadow imps
  A worm (D:3)
  A dart slug (D:1)
  3 leopard geckos
  33 orcs
  10 bats
  5 giant cockroaches
  11 goblins
  6 hobgoblins
  18 jackals
  22 kobolds
  3 quokkas
  2 frilled lizards (Sewer)
  2 quokka skeletons
  A quokka zombie (D:6)
  6 rats
  3 fungi
395 creatures vanquished.

Vanquished Creatures (others)
  4 polar bears (IceCv)
  3 slaves (D:9)
  A wolf (IceCv)
  A quokka (D:9)
  5 fungi
  6 plants
20 creatures vanquished.

Grand Total: 415 creatures vanquished

Notes
Turn   | Place    | Note
-------+----------+-------------------------------------------
     0 | D:1      | nikopol the Minotaur Berserker began the quest for the Orb.
     0 | D:1      | Reached XP level 1. HP: 19/19 MP: 0/0
    68 | D:1      | Reached skill level 4 in Axes
    68 | D:1      | Reached XP level 2. HP: 27/27 MP: 1/1
   241 | D:1      | Reached XP level 3. HP: 20/33 MP: 2/2
  1047 | D:3      | Reached ** piety under Trog
  1061 | D:2      | Found an ornate altar of the Wu Jian Council.
  1396 | D:3      | Found a burning altar of Makhleb.
  1396 | D:3      | Found a stormy altar of Qazlal.
  1397 | D:3      | Found an iron altar of Okawaru.
  1803 | D:4      | Reached XP level 4. HP: 22/41 MP: 3/3
  1969 | D:4      | Reached skill level 5 in Axes
  1969 | D:4      | Reached XP level 5. HP: 13/47 MP: 4/4
  2398 | D:4      | Noticed Ijyb
  2407 | D:4      | Paralysed by Ijyb for 5 turns
  2421 | D:4      | Killed Ijyb
  2663 | D:4      | Found an ancient bone altar of Kikubaaqudgha.
  2801 | D:5      | Entered Level 5 of the Dungeon
  2824 | D:5      | Noticed an ogre
  2830 | D:5      | Killed an ogre
  2830 | D:5      | Reached skill level 5 in Fighting
  2830 | D:5      | Reached skill level 6 in Axes
  2830 | D:5      | Reached XP level 6. HP: 30/56 MP: 5/5
  3021 | D:5      | Found a glowing drain.
  3025 | Sewer    | Entered a sewer
  3252 | Sewer    | Reached skill level 7 in Axes
  3252 | Sewer    | Reached XP level 7. HP: 48/61 MP: 6/6
  3355 | Sewer    | Noticed Purgy
  3365 | Sewer    | Killed Purgy
  3529 | D:5      | Found a radiant altar of Vehumet.
  3536 | D:5      | Reached skill level 5 in Armour
  3538 | D:5      | Reached *** piety under Trog
  3543 | D:5      | Found a runed gate.
  3543 | D:5      | Found a runed gate.
  3547 | D:5      | Found a runed gate.
  3551 | D:5      | Noticed ThereIsNoGod's ghost (weakling DDFi)
  3916 | D:5      | Reached skill level 8 in Axes
  4324 | D:5      | Killed ThereIsNoGod's ghost
  4328 | D:5      | Reached XP level 8. HP: 71/71 MP: 7/7
  5046 | D:6      | Found a shattered altar of Ashenzari.
  5194 | D:6      | Reached skill level 9 in Axes
  5194 | D:6      | Reached skill level 1 in Bows
  5505 | D:6      | Found a runed door.
  5575 | D:6      | Reached **** piety under Trog
  5874 | D:6      | Found a roughly hewn altar of Beogh.
  6299 | D:7      | Reached XP level 9. HP: 75/79 MP: 8/8
  6346 | D:7      | Found a staircase to the Ecumenical Temple.
  6467 | D:7      | Found a basalt altar of Yredelemnul.
  7062 | D:7      | Found a glowing golden altar of the Shining One.
  7233 | D:8      | Reached skill level 5 in Bows
  7264 | D:8      | Reached skill level 1 in Stealth
  7661 | D:8      | Noticed Harold
  7679 | D:8      | Killed Harold
  7679 | D:8      | Reached skill level 10 in Axes
  8486 | D:8      | Reached XP level 10. HP: 45/88 MP: 5/9
  8848 | D:9      | Noticed Pikel
  8856 | D:8      | Reached skill level 11 in Axes
  9030 | D:9      | Killed Pikel
  9194 | D:9      | Found a staircase to the Lair.
  9213 | D:9      | Reached ***** piety under Trog
  9235 | D:9      | Got a crude ring mail
  9246 | D:9      | Identified the +3 ring mail of Monotheism {Str+4} (You
                  | found it on level 9 of the Dungeon)
  9293 | D:9      | Noticed Erica
  9317 | D:9      | HP: 3/90 [something (2)]
  9592 | D:9      | Reached skill level 5 in Dodging
  9747 | D:9      | Killed Erica
  9747 | D:9      | Reached skill level 12 in Axes
  9821 | D:9      | Received a gift from Trog
  9935 | D:9      | Reached XP level 11. HP: 95/95 MP: 10/10
 10061 | Lair:1   | Entered Level 1 of the Lair of Beasts
 10267 | Lair:1   | Reached skill level 10 in Bows
 10314 | Lair:1   | Received a gift from Trog
 10780 | Lair:1   | Found a runed gate.
 10781 | Lair:1   | Found a runed gate.
 10781 | Lair:1   | Noticed Scuka's ghost (journeyman TrBe)
 10781 | Lair:1   | Noticed an 11-headed hydra
 10781 | Lair:1   | Noticed an 11-headed hydra
 10782 | Lair:1   | Found a runed gate.
 10821 | Lair:1   | Received a gift from Trog
 10825 | Lair:1   | Reached skill level 13 in Axes
 11350 | Lair:2   | Found a frozen archway.
 11360 | IceCv    | Entered an ice cave
 12428 | IceCv    | Reached skill level 10 in Fighting
 12465 | IceCv    | Reached XP level 12. HP: 106/106 MP: 3/11
 12704 | IceCv    | Noticed a death yak
 12724 | IceCv    | Killed a death yak
 12724 | IceCv    | Reached skill level 14 in Axes
 13293 | IceCv    | Noticed a frost giant
 13308 | IceCv    | Killed a frost giant
 13656 | IceCv    | Got a scintillating iron ring
 13663 | IceCv    | Got a scorched brass ring
 13726 | Lair:2   | Identified the ring of Vaetzau {rC+ rN+++ Int-2 Dex-3 SInv}
                  | (You found it in an ice cave)
 13728 | Lair:2   | Identified the ring of Roefoi Qilu {Wiz Stlth+} (You found
                  | it in an ice cave)
 13967 | Lair:2   | Noticed a seven-headed hydra
 13974 | Lair:2   | Killed a seven-headed hydra
 13974 | Lair:2   | Reached skill level 15 in Axes
 14713 | Lair:3   | Reached XP level 13. HP: 100/114 MP: 4/12
 14734 | Lair:3   | Found a hole to the Spider Nest.
 14748 | Lair:3   | Received a gift from Trog
 14751 | Lair:3   | Got a bloodstained shortbow {god gift}
 14752 | Lair:3   | Identified the +8 shortbow "Onefeqig" {flame, Stlth+} (Trog
                  | gifted it to you on level 3 of the Lair of Beasts)
 15011 | Lair:3   | Noticed Rupert
 15024 | Lair:3   | Killed Rupert
 15622 | Lair:4   | Noticed Kirke
 15847 | Lair:4   | Found a staircase to the Swamp.
 16955 | Lair:6   | Entered Level 6 of the Lair of Beasts
 16983 | Lair:5   | Upgraded the game from 0.23-a0-814-g91b4073 to
                  | 0.23-a0-819-g6debee6
 16985 | Lair:6   | Found a staircase to the Slime Pits.
 17148 | Lair:5   | Reached skill level 16 in Axes
 17318 | Lair:6   | HP: 5/116 [poisoned by a spiny frog]
 17319 | Lair:6   | Mangled by a fire crab

Vault maps used:
D:1:      dpeg_arrival_fog
D:2:      nicolae_overflow_hidden_temple, first_ration
D:3:      gammafunk_temple_overflow_claw
D:4:      kennysheep_goblin_castle, lemuel_doored_altar
D:5:      overflow_temple_1_default, gammafunk_ghost_nasty_kobolds,
          gup_sewer_entry_bowl
D:6:      ashenzari_altar_1, lightli_church_of_beogh
D:7:      grunt_temple_overflow_holy_war, minmay_temple_entry_mini_moons
D:8:      uniq_harold
D:9:      minmay_lair_entry_grove, uniq_pikel, uniq_erica
Lair:1:   gammafunk_ghost_hydra_chop, nicolae_lair_grove_arrangements,
          wad_woods_02
Lair:2:   portal_ice_cave_entry_pillars_1
Lair:3:   spider_nest_entry_a, uniq_rupert
Lair:4:   minmay_swamp_entry_eels, uniq_kirke
Lair:6:   minmay_lair_end_enchanted_forest, minmay_slime_entry_pillars
Sewer:    kennysheep_door_sewer
IceCv:    ice_cave_caverns_02

Skill      XL: |  1  2  3  4  5  6  7  8  9 10 11 12 13 |
---------------+----------------------------------------+-----
Axes           | 4 5 6 7 8 9 10 12 13 15 16 | 16.2
Fighting       | 4 5 6 7 8 10 11 | 11.5
Armour         | 3 4 6 7 8 9 |  9.4
Dodging        | 3 4 5 6 |  6.3
Bows           | 4 7 9 11 13 14 | 14.6
Stealth        | 1 |  1.5

Action                   |  1- 3 |  4- 6 |  7- 9 | 10-12 | 13-15 || total
-------------------------+-------+-------+-------+-------+-------++-------
Melee: Hand axe          |    77 |   108 |   262 |   155 |       ||   602
       Headbutt          |    10 |    19 |    65 |    99 |    18 ||   211
       Battleaxe         |       |       |       |   187 |    51 ||   238
       Broad axe         |       |       |       |    44 |     3 ||    47
       Unarmed           |       |       |       |       |     2 ||     2
 Fire: Shortbow          |       |       |   158 |   291 |   145 ||   594
       Longbow           |       |       |       |    54 |     8 ||    62
Invok: Berserk           |       |     2 |     4 |     5 |     2 ||    13
       Trog's Hand       |       |       |       |     1 |       ||     1
       Brothers in Arms  |       |       |       |       |     1 ||     1
  Use: Scroll            |       |    11 |     1 |     1 |     1 ||    14
       Potion            |       |       |       |     2 |     1 ||     3
  Eat: Chunk             |     2 |     8 |    12 |    19 |     5 ||    46
       Ration            |       |       |     2 |     2 |     1 ||     5
Armor: Animal skin       |    13 |       |       |       |       ||    13
       Scale mail        |     9 |    27 |   106 |    34 |       ||   176
       Ring mail         |       |       |       |    88 |    23 ||   111
Dodge: Dodged            |    62 |    53 |   142 |   306 |    59 ||   622

Table legend:
 A = Non-vault XP
 B = Vault XP
 C = Vault XP percentage of total XP
 D = Non-vault monster count
 E = Vault monster count
 F = Vault count percentage of total count
                 A         B        C        D         E       F
            +---------+---------+-------+---------+---------+-------
      Total |   30981 |   23465 |  43.1 |     254 |     138 |  35.2
            +---------+---------+-------+---------+---------+-------
        D:1 |      53 |       0 |   0.0 |      29 |       0 |   0.0
        D:2 |       8 |       0 |   0.0 |       7 |       0 |   0.0
        D:3 |      13 |       0 |   0.0 |       5 |       0 |   0.0
        D:4 |     219 |      52 |  19.2 |      19 |      11 |  36.7
        D:5 |     738 |     146 |  16.5 |      21 |      12 |  36.4
        D:6 |     684 |     352 |  34.0 |      11 |      25 |  69.4
        D:7 |     437 |       0 |   0.0 |      13 |       0 |   0.0
        D:8 |    1301 |    1158 |  47.1 |      24 |       2 |   7.7
        D:9 |    2042 |    3545 |  63.5 |      17 |      14 |  45.2
     Lair:1 |    6360 |     900 |  12.4 |      31 |       4 |  11.4
     Lair:2 |    6308 |       0 |   0.0 |      27 |       0 |   0.0
     Lair:3 |    4490 |    3462 |  43.5 |      23 |       4 |  14.8
     Lair:4 |    1161 |     945 |  44.9 |       6 |       7 |  53.8
     Lair:5 |    3133 |       0 |   0.0 |       9 |       0 |   0.0
     Lair:6 |    4034 |     623 |  13.4 |      12 |       4 |  25.0
      Sewer |       0 |     240 | 100.0 |       0 |       6 | 100.0
      IceCv |       0 |   12042 | 100.0 |       0 |      49 | 100.0
            +---------+---------+-------+---------+---------+-------
